 Dungeon Crawl Stone Soup version 0.29.1-15-g9cfb28693d (webtiles) character file.

Game seed: 9709462158206648221

29 growler the Magician (level 3, -5/25 HPs)
             Began as a Djinni Fire Elementalist on Mar 14, 2023.
             Slain by Terence
             ... wielding a +0 mace
              (9 damage)
             ... on level 2 of the Dungeon.
             The game lasted 00:03:02 (1158 turns).

growler the Magician (Djinni Fire Elementalist)     Turns: 1158, Time: 00:03:04

Health: -5/25      AC:  2    Str:  7    XL:     3   Next: 32%
Gold:   53         EV: 12    Int: 18    God:
                   SH:  0    Dex: 13

rFire   + + .      SeeInvis .   e - +0 dagger (venom)
rCold   x . .      Faith    .   (no shield)
rNeg    . . .      Spirit   .   a - +0 robe
rPois   ∞          Reflect  .   (no helmet)
rElec   .          Harm     .   (no cloak)
rCorr   .          Rampage  .   (no gloves)
Will    .....                   (boots unavailable)
Stlth   ++........              (no amulet)
HPRegen 0.08/turn               (no ring)
MPRegen 0.00/turn               (no ring)

@: flying
A: sickness immunity, fire resistance 2, cold vulnerability 1, float, innate
caster, HP casting, extra vitality 1
a: no special abilities


You were on level 2 of the Dungeon.
You visited 1 branch of the dungeon, and saw 2 of its levels.

You collected 53 gold pieces.

Inventory:

Hand Weapons
 e - a +0 dagger of venom (weapon)
Armour
 a - a +0 robe (worn)
 d - a +0 helmet
Jewellery
 i - a ring of ice
Scrolls
 b - a scroll of magic mapping {unknown}
 c - a scroll of immolation {unknown}
 f - a scroll of teleportation {unknown}
 h - a scroll of identify {unknown}
Potions
 g - a potion of flight {unknown}
 j - a potion of heal wounds {unknown}


   Skills:
 - Level 2.7 Dodging
 - Level 2.0 Stealth
 + Level 2.9 Spellcasting


You couldn't memorise any spells.
You knew the following spells:

 Your Spells              Type           Power      Damage    Failure   Level
a - Foxfire               Conj/Fire      52%        2x1d6     4%          1
b - Scorch                Fire           26%        2d6       8%          2
c - Conjure Flame         Conj/Fire      13%        6-21      14%         3
d - Inner Flame           Hex/Fire       13%        N/A       14%         3
e - Flame Wave            Conj/Fire      13%        2d6       43%         4
f - Necrotise             Necr           52%        1d6       4%          1
Your spell library was empty.

Dungeon Overview and Level Annotations

Branches:
Dungeon (2/15)

Altars:

Annotations:
D:2 Terence


Innate Abilities, Weirdness & Mutations

You are immune to sickness and miasma.
You are immune to poison.
Your flesh is very heat resistant. (rF++)
You are vulnerable to cold. (rC-)
You float through the air rather than walking.
You learn spells naturally, not from books.
Your magical power is your life essence.
You have superior vitality. (+4 MHP)


Message History

Confirm with . or Enter, or press ? or * to list all spells.
You conjure some foxfire!
The adder bites you.
The foxfire hits the hobgoblin.
The hobgoblin is severely wounded.
The foxfire hits the adder.
The adder is severely wounded.
Casting: Foxfire (safe; 7% risk of failure)
Confirm with . or Enter, or press ? or * to list all spells.
You conjure some foxfire!
The adder bites you. The adder barely misses you.
The foxfire hits the hobgoblin.
The hobgoblin is almost dead.
The foxfire hits the adder.
The adder is almost dead.
Casting: Foxfire (safe; 7% risk of failure)
Confirm with . or Enter, or press ? or * to list all spells.
You conjure some foxfire!
The adder bites you but does no damage. The hobgoblin attacks as you move away!
The hobgoblin barely misses you. The adder attacks as you move away!
The adder bites you.
* * * LOW HITPOINT WARNING * * *
The foxfire hits the adder.
You kill the adder!
The foxfire hits the hobgoblin.
You kill the hobgoblin!
You have reached level 3!
Your experience leads to an increase in your attributes!
Increase (S)trength, (I)ntelligence, or (D)exterity?
You feel clever. x2
The power to cast Necrotise wells up from within.
Spell assigned to 'f'.
Casting: Foxfire (safe; 4% risk of failure)
Confirm with . or Enter, or press ? or * to list all spells.
You conjure some foxfire!
* * * LOW HITPOINT WARNING * * *
You hit Terence.
Terence is lightly wounded.
The foxfire hits Terence but does no damage.
Terence is lightly wounded.
The foxfire hits Terence.
Terence is moderately wounded.
Terence hits you with a +0 mace!
You die...

##### #..@# #..@#
#..†# #..)# .
#...# $. #...#
... #######...#
.... #.........#
$....
#.#######.#......


You could see Terence.

Vanquished Creatures
  An adder (D:2)
  2 bats (D:1)
  3 endoplasms (D:1)
  2 goblins (D:1)
  4 hobgoblins
  2 kobolds
  3 ball pythons (D:1)
  A rat (D:1)
18 creatures vanquished.

Vanquished Creatures (others)
  34 foxfires
34 creatures vanquished.

Grand Total: 52 creatures vanquished

Notes
Turn   | Place    | Note
-------+----------+-------------------------------------------
     0 | D:1      | growler the Djinni Fire Elementalist began the quest for
                  | the Orb.
     0 | D:1      | growler set off with the following spells memorised:
                  | Foxfire, Scorch, Conjure Flame, Inner Flame, Flame Wave.
     0 | D:1      | Reached XP level 1. HP: 15/15 MP: 0/0
   546 | D:1      | Reached XP level 2. HP: 20/21 MP: 0/0
   638 | D:1      | Found a faded altar of an unknown god.
  1123 | D:2      | Noticed Terence
  1157 | D:2      | Reached XP level 3. HP: 5/25 MP: 0/0
  1157 | D:2      | Learned a level 1 spell: Necrotise
  1158 | D:2      | Slain by Terence

Illustrated notes

Levels and vault maps discovered:
D:1:      mrwooster_arrival_statue, layout_loops_ring,
          chequers_ecumenical_altar_simple_redux, minmay_misc_feat_enclosed
D:2:      layout_basic, basic_altar, uniq_terence

Skill      XL: |  1  2 |
---------------+-------+-----
Stealth        | 2 |  2.0
Dodging        | |  2.7
Spellcasting   | |  2.9

Action                   || total
-------------------------++-------
Melee: Dagger            ||     9
       Unarmed           ||     1
 Cast: Foxfire           ||    24
       Scorch            ||     1
Armor: Robe              ||     6
Dodge: Dodged            ||    21
